Match 46608706
Unlisted

Match 46608706
End
Construct Barracks
Riflemen Squad
Engineer Squad
Riflemen Squad
Grenade Package
M1 Mortar Team
Selects Advanced Infantry Battlegroup
Selects Convert to Ranger Squad
Construct Medical Station
Infantry Support Center
Convert to Ranger Squad
Advanced Logistics
Ranger Squad
Selects Frontline Medical Station
Convert to Ranger Squad
Construct Weapon Support Center
Selects Ammunition Storage
Selects Artillery Observers
Munitions Surplus
Survival Training
Improved M9 Bazooka Rockets
M3 Armored Personnel Carrier
Selects M2A1 105mm Howitzer Emplacement
Construct Motor Pool
Frontline Medical Station
Demolitions Package
M1 Anti-tank Gun Team
Selects 155mm Rapid Artillery Barrage
Selects Infantry Assault
Construct Tank Depot
M4A1 Sherman Medium Tank
M4A1 Sherman Medium Tank
_dbl.tap_
mi prima de Cifuentes
kyle777
Ulpia Victrix
Hasthur
Hex
GovernorMilitantPaulus
0
0

Comments sign in to comment!

No comments posted yet!